 Dungeon Crawl Stone Soup version 0.30-b1-2-g02819fbbbe (webtiles) character file.

Game seed: 15989862640854026703

20572 Fartwhistle the Blocker (level 13, -3/76 HPs)
             Began as a Djinni Fire Elementalist on Aug 30, 2023.
             Was a Priest of Makhleb.
             Collided with a translucent stone wall (8 damage)
             ... caused by a wretched star
             ... in a Gauntlet.
             The game lasted 01:10:06 (14847 turns).

Fartwhistle the Blocker (Djinni Fire Elementalist) Turns: 14847, Time: 01:10:07

Health: -3/76      AC:  7    Str:  9      XL:     13   Next: 13%
Gold:   702        EV: 14    Int: 20 (21) God:    Makhleb [***...] SH:  5 Dex: 15

rFire   + + +        C - +1 hand crossbow (flame)
rCold   x . .        (no shield)
rNeg    . . .        R - +2 troll leather armour {Snorg}
rPois   ∞            l - +0 helmet
rElec   .            (no cloak)
rCorr   .            (no gloves)
SInv    .            (boots unavailable)
Will    +....        D - amulet of reflection
Stlth   ++           E - ring of protection from fire
HPRegen 1.12/turn    v - +6 ring of strength
MPRegen 0.00/turn

%: no teleportation, random rage (9%), reflection, infuse magic (-4 HP)
@: flying, unable to read, unable to drink
A: sickness immunity, fire resistance 2, cold vulnerability 1, float, innate
caster, HP casting, extra vitality 1, [berserk 2], [frail 2], ([teleportitis
2]), [weak 2], [inability to drink after injury 2], [inability to read after
injury 2]
a: Renounce Religion, Minor Destruction, Lesser Servant of Makhleb


You were in a Gauntlet.
You worshipped Makhleb.
Makhleb was most pleased with you.
You visited 3 branches of the dungeon, and saw 15 of its levels.
You also visited: Sewer, Gauntlet and Volcano.

You collected 1087 gold pieces.
You spent 385 gold pieces at shops.

Inventory:

Hand Weapons
 y - a +1 dagger of venom
 C - a +1 hand crossbow of flaming (weapon)
Missiles
 b - 25 poisoned darts
Armour
 l - a +0 helmet (worn)
 B - a +2 robe of positive energy
 L - +2 steam dragon scales
 N - a +2 kite shield
 R - a +2 troll leather armour (worn) {Snorg}
Magical Staves
 k - a staff of poison
 F - a staff of cold
Jewellery
 j - a ring of resist corrosion
 v - a +6 ring of strength (right hand)
 D - an amulet of reflection (around neck)
 E - a ring of protection from fire (left hand)
 M - a ring of fire
Wands
 w - a wand of charming (6)
 I - a wand of digging (9)
 J - a wand of polymorph (2)
 K - a wand of flame (8)
Scrolls
 c - 6 scrolls of teleportation
 f - 2 scrolls of noise
 g - 2 scrolls of blinking
 h - a scroll of poison {unknown}
 m - 2 scrolls of fear {unknown}
 z - a scroll of fog {unknown}
 G - 3 scrolls of enchant weapon
 H - 2 scrolls of immolation {unknown}
 P - a scroll of silence
Potions
 a - 2 potions of berserk rage
 d - 7 potions of curing
 i - 2 potions of flight
 n - 5 potions of heal wounds
 o - 2 potions of cancellation {unknown}
 p - 2 potions of haste
 q - 9 potions of might
 r - 4 potions of brilliance {unknown}
 s - a potion of lignification
 t - a potion of magic {unknown}
 u - 3 potions of degeneration
 x - 2 potions of attraction {unknown}
 Q - a potion of ambrosia


   Skills:
 - Level 10.0 Fighting
 - Level 5.7 Dodging
 - Level 1.5 Stealth
 + Level 11.0 Shields
 - Level 9.0 Spellcasting
 - Level 8.1 Invocations
 - Level 3.0 Evocations


You knew the following spells:

 Your Spells              Type           Power      Damage    Failure   Level
a - Foxfire               Conj/Fire      100%       2x1d9     1%          1
b - Scorch                Fire           90%        2d9       1%          2
c - Volatile Blastmotes   Fire/Tloc      90%        2d17      1%          3
d - Inner Flame           Hex/Fire       45%        N/A       1%          3
e - Flame Wave            Conj/Fire      45%        2d12      2%          4
f - Sting                 Tmut/Pois      100%       1d8       1%          1
g - Ensorcelled Hibernat  Hex/Ice        90%        N/A       1%          2
h - Wereblood             Tmut           45%        N/A       1%          2
i - Vampiric Draining     Necr           45%        2d9       1%          3
j - Fireball              Conj/Fire      22%        3d10      8%          5
k - Metabolic Englaciati  Hex/Ice        22%        N/A       8%          5
Your spell library was empty.

Dungeon Overview and Level Annotations

Branches:
Dungeon (12/15)            Temple (1/1) D:7            Lair (2/5) D:11
    Orc (0/2) D:10          Sewer (visited)         Volcano (visited)
Gauntlet (1/1)
  Swamp: Lair:2-3    Shoals: Lair:2-3     Snake: Lair:2-3    Spider: Lair:2-3

Altars:
Ashenzari
Cheibriados
Dithmenos
Elyvilon
Fedhas
Gozag
Hepliaklqana
Makhleb
Nemelex Xobeh
Okawaru
Qazlal
Ru
Trog
Uskayaw
Wu Jian
Xom
Yredelemnul
Zin
The Shining One

Shops:
D:2 [   D:4 !!?[   D:8 *   D:10 ([

Annotations:
D:7 2 transporters, diceflayer's ghost, novice DsFi
D:9 3 runed translucent doors
D:10 exclusion: downstairs
D:11 2 transporters Gauntlet 7 transporters, 2 runed translucent doors, exclusion: obsidian statue


Innate Abilities, Weirdness & Mutations

You are immune to sickness and miasma.
You are immune to poison.
Your flesh is very heat resistant. (rF++)
You are vulnerable to cold. (rC-)
You float through the air rather than walking.
You learn spells naturally, not from books.
Your magical power is your life essence.
You have superior vitality. (+4 MHP)
[You have an uncontrollable temper.]
[You are very frail. (-20% HP)]
[((You are often teleported next to monsters.))]
[You are very weak. (Str -4)]
[You sometimes lose the ability to drink potions when taking damage.]
[You sometimes lose the ability to read scrolls when taking damage.]


Message History

Gang up on whom?
Press: ? - help, Dir - move target, f - wretched star
Aim: a wretched star (steam, lightly damaged, ally target) Attack!
Unknown command.
Casting: Sting (safe; 1% risk of failure)
Confirm with . or Enter, or press ? or * to list all spells.
Flames lash the wretched star.
The wretched star resists.
The wretched star is lightly damaged.
The wretched star's fire resistance burns away.
Your smoke demon hits the wretched star but does no damage.
Your smoke demon barely misses the wretched star. x2
The wretched star pulses with an eldritch light!
You occasionally lose the ability to read scrolls when taking damage.
You lose the ability to read scrolls when taking damage more often.
You feel frail. x2
Your smoke demon twists and deforms.
Casting: Scorch (safe; 1% risk of failure)
Confirm with . or Enter, or press ? or * to list all spells.
Flames lash the wretched star.
The wretched star is lightly damaged.
Your smoke demon barely misses the wretched star.
Your smoke demon closely misses the wretched star.
Your smoke demon hits the wretched star but does no damage.
The wretched star glows turbulently.
The lance of force hits you!
You feel threatened and lose the ability to drink potions!
You are knocked back by the lance of force.
You slam into the translucent stone wall!
You feel threatened and lose the ability to read scrolls!
* * * LOW HITPOINT WARNING * * *
You cannot drink potions in your current state!
Your smoke demon completely misses the wretched star.
Your smoke demon hits the wretched star but does no damage. x2
The wretched star glows turbulently.
The lance of force hits you!
* * * LOW HITPOINT WARNING * * *
You are knocked back by the lance of force.
You slam into the translucent stone wall!
You die...

.................................
######...#########...#########...
.....#.8.#3......#.8.#^......#.8.
##+#.#...#!..##b.#...#..####.#...
≈..#.#####).##..######.#..^#.####
≈©.#.#©.©#x##©*###©.©#©#.©.#†#©.©
≈..#.#...###..##.#...#.#^..#.#...
##+#.#...##..##..#...#.####†.#...
.....#8©8#..3*..@#8©8#......^#8©8
#################################
.................................
≈≈≈#≈≈≈#≈≈≈#≈≈≈#...8⌠8..8∩8..8⌠8.
#≈###≈###≈###≈###................
### ### ### ### #################
#≈...............
#≈≈..8©8©8©8©8©8..
##≈...............


You could see a wretched star (combustible, ally target) and a friendly smoke
demon (summoned, misshapen).

Vanquished Creatures
  Snorg (D:11)
  An ogre mage (Volcano)
  6 two-headed ogres
  A hell knight (Volcano)
  A sixfirhy (Gauntlet)
  A gargoyle (D:11)
  Maggie (D:9)
  4 cane toads (Lair:1)
  5 komodo dragons
  3 trolls
  A hornet (D:9)
  Grinder (D:4)
  A shadow (D:10)
  Sigmund (D:6)
  2 fire bats (Volcano)
  A wyvern (Lair:1)
  A basilisk (Lair:1)
  A neqoxec (Gauntlet)
  4 vampire mosquitoes (D:11)
  16 yaks
  3 steam dragons
  A small abomination (Gauntlet)
  5 swamp worms (Gauntlet)
  An acid dragon (D:11)
  5 water moccasins
  6 orc warriors
  2 sky beasts (D:7)
  5 black bears
  An ogre (D:5)
  A centaur (D:9)
  A phantom (D:6)
  3 kobold brigands
  11 bullfrogs
  A gnoll sergeant (D:9)
  2 scorpions (D:7)
  4 wights (D:7)
  5 killer bees
  5 howler monkeys
  6 lava snakes (Volcano)
  A jelly (D:6)
  7 hounds
  2 orc priests (D:7)
  A sleepcap (D:4)
  3 iguanas
  12 orc wizards
  A mummy (D:5)
  8 adders
  5 gnolls (D:9)
  2 shadow imps (D:7)
  13 white imps
  2 ufetubi (Gauntlet)
  A dart slug (D:4)
  32 orcs
  9 endoplasms
  8 giant cockroaches
  8 goblins
  3 hobgoblins
  21 kobolds
  9 quokkas
  7 ball pythons
  6 bats
  11 frilled lizards
  A hobgoblin zombie (D:5)
  A kobold zombie (D:5)
  2 orc zombies (D:5)
  7 rats
304 creatures vanquished.

Vanquished Creatures (collateral kills)
  2 molten gargoyles (Volcano)
  A neqoxec (Gauntlet)
  4 foxfires (D:11)
7 creatures vanquished.

Vanquished Creatures (others)
  635 foxfires
  13 fungi
  8 plants
656 creatures vanquished.

Grand Total: 967 creatures vanquished

Notes
Turn   | Place    | Note
-------+----------+-------------------------------------------
     0 | D:1      | Fartwhistle the Djinni Fire Elementalist began the quest
                  | for the Orb.
     0 | D:1      | Fartwhistle set off with the following spells memorised:
                  | Foxfire, Scorch, Volatile Blastmotes, Inner Flame, Flame
                  | Wave.
     0 | D:1      | Reached XP level 1. HP: 15/15 MP: 0/0
    88 | D:1      | Reached skill level 1 in Fighting
   125 | D:1      | Reached XP level 2. HP: 22/22 MP: 0/0
   635 | D:2      | Reached XP level 3. HP: 24/29 MP: 0/0
   635 | D:2      | Learned a level 1 spell: Sting
   745 | D:2      | Found Mostiehi's Armour Emporium.
  1216 | D:3      | Reached XP level 4. HP: 34/35 MP: 0/0
  2168 | D:3      | Found a faded altar of an unknown god.
  2355 | D:4      | Found Ison Cuijyi's Magic Scroll Shop.
  2356 | D:4      | Found Fazoap's Distillery.
  2356 | D:4      | Found Jistatu's Antique Armour Shop.
  2356 | D:4      | Found Goraojoj's Distillery.
  2382 | D:4      | Reached XP level 5. HP: 33/40 MP: 0/0
  2382 | D:4      | Learned a level 2 spell: Ensorcelled Hibernation
  2421 | D:4      | Bought a scroll of identify for 24 gold pieces
  2421 | D:4      | Bought a scroll of identify for 24 gold pieces
  2421 | D:4      | Bought a scroll of identify for 24 gold pieces
  2500 | D:4      | Noticed Grinder
  2510 | D:4      | Paralysed by Grinder for 4 turns
  2533 | D:4      | Paralysed by Grinder for 3 turns
  2538 | D:4      | Killed Grinder
  2539 | D:4      | Reached XP level 6. HP: 20/48 MP: 0/0
  2748 | D:4      | Reached skill level 5 in Fighting
  2748 | D:4      | Reached XP level 7. HP: 40/54 MP: 0/0
  2748 | D:4      | Learned a level 2 spell: Wereblood
  2881 | D:4      | Reached skill level 1 in Evocations
  3470 | D:4      | Bought a potion of heal wounds for 50 gold pieces
  3486 | D:5      | Entered Level 5 of the Dungeon
  3741 | D:5      | Reached skill level 5 in Spellcasting
  3741 | D:5      | Reached XP level 8. HP: 56/59 MP: 0/0
  3860 | D:5      | Found an iron altar of Okawaru.
  4339 | D:4      | Bought a runed robe for 81 gold pieces
  4553 | D:6      | Found a glowing drain.
  4565 | Sewer    | Entered a sewer
  4972 | D:6      | Noticed Sigmund
  4978 | D:6      | Killed Sigmund
  5096 | D:6      | Found a sparkling altar of Nemelex Xobeh.
  5154 | D:6      | Reached XP level 9. HP: 63/66 MP: 0/0
  5154 | D:6      | Learned a level 3 spell: Vampiric Draining
  5768 | D:7      | Reached skill level 5 in Dodging
  5819 | D:7      | Found a transporter.
  5855 | D:7      | Found a staircase to the Ecumenical Temple.
  5887 | Temple   | Entered the Ecumenical Temple
  6086 | Temple   | Became a worshipper of Makhleb the Destroyer
  6292 | D:7      | Reached skill level 1 in Invocations
  6451 | D:7      | Found a shadowy altar of Dithmenos.
  6452 | D:7      | Found a blossoming altar of Fedhas.
  6495 | D:7      | Found a transporter.
  6695 | D:7      | Identified the +3 leather armour of the Beginning {*Slow
                  | rN+ Dex+3}
  6753 | D:7      | Noticed diceflayer's ghost (novice DsFi)
  7142 | D:8      | Found Otyloam's Assorted Antiques.
  7167 | D:8      | Bought a scroll labelled MOZIQE LAYQITS for 26 gold pieces
  7167 | D:8      | Bought a runed copper wand for 104 gold pieces
  7167 | D:8      | Bought a scroll of identify for 52 gold pieces
  7212 | D:8      | Reached skill level 5 in Invocations
  7218 | D:8      | Reached XP level 10. HP: 70/75 MP: 0/0
  7365 | D:8      | Reached * piety under Makhleb
  7770 | D:8      | Found an opulent altar of Gozag.
  8427 | D:9      | Noticed Maggie
  8994 | D:9      | Killed Maggie
  9064 | D:9      | Noticed a purple ugly thing
  9064 | D:9      | Noticed a glowing orange brain
  9065 | D:9      | Found a runed translucent gate.
  9065 | D:9      | Found a runed translucent gate.
  9067 | D:9      | Found a runed translucent gate.
  9067 | D:9      | Noticed a cyan ugly thing
  9107 | D:9      | Noticed a purple ugly thing
  9108 | D:9      | Noticed a purple ugly thing
  9317 | D:9      | Reached ** piety under Makhleb
  9398 | D:9      | Reached skill level 1 in Shields
  9411 | D:9      | Reached skill level 2 in Shields
  9411 | D:9      | Reached XP level 11. HP: 55/81 MP: 0/0
  9411 | D:9      | Learned a level 5 spell: Fireball
  9605 | D:10     | Entered Level 10 of the Dungeon
  9605 | D:10     | Found Sorou's Antique Weapon Shop.
  9852 | D:9      | Reached skill level 3 in Shields
 10245 | D:9      | Reached skill level 4 in Shields
 10535 | D:10     | Found a staircase to the Orcish Mines.
 10537 | D:10     | Found Hoviuczumigh's Armour Shop.
 11162 | D:11     | Noticed Snorg
 11240 | D:11     | Reached skill level 5 in Shields
 11726 | D:11     | Killed Snorg
 11852 | D:11     | Found a staircase to the Lair.
 11884 | D:11     | Found a transporter.
 11983 | D:11     | Found the +7 staff of the Meek {protect, meekguard}
 12025 | D:11     | Reached *** piety under Makhleb
 12066 | D:11     | Noticed a two-headed ogre
 12071 | D:11     | Killed a two-headed ogre
 12072 | D:11     | Reached skill level 6 in Shields
 12208 | D:11     | Noticed a manticore
 12209 | D:11     | Noticed a wizard
 12210 | D:11     | Found a transporter.
 12210 | D:11     | Noticed an orc knight
 12223 | D:11     | Noticed a two-headed ogre
 12331 | D:11     | Noticed a two-headed ogre
 12337 | D:11     | Killed a two-headed ogre
 12391 | D:11     | Reached XP level 12. HP: 85/88 MP: 0/0
 12446 | D:12     | Noticed a tengu warrior
 12524 | Lair:1   | Entered Level 1 of the Lair of Beasts
 12650 | Lair:1   | Reached skill level 7 in Shields
 12688 | Lair:1   | Found a dark tunnel.
 12701 | Volcano  | Entered a volcano
 13080 | Volcano  | Found a bloodstained altar of Trog.
 13080 | Volcano  | Noticed a two-headed ogre
 13080 | Volcano  | Noticed a two-headed ogre
 13080 | Volcano  | Noticed an ogre mage
 13080 | Volcano  | Noticed a two-headed ogre
 13093 | Volcano  | Killed a two-headed ogre
 13095 | Volcano  | Killed a two-headed ogre
 13105 | Volcano  | Killed a two-headed ogre
 13106 | Volcano  | Reached skill level 10 in Fighting
 13106 | Volcano  | Reached skill level 8 in Shields
 13149 | Volcano  | Killed an ogre mage
 13181 | Volcano  | Noticed a two-headed ogre
 13489 | Volcano  | Noticed a hell knight
 13527 | Volcano  | Killed a hell knight
 13528 | Volcano  | Reached skill level 9 in Shields
 13591 | Volcano  | Killed a two-headed ogre
 13759 | Lair:1   | Reached skill level 10 in Shields
 13776 | Lair:1   | Reached **** piety under Makhleb
 14012 | Lair:1   | Reached XP level 13. HP: 41/96 MP: 0/0
 14012 | Lair:1   | Learned a level 5 spell: Metabolic Englaciation
 14465 | Lair:2   | Found a gate leading to a gauntlet.
 14473 | Gauntlet | Entered a Gauntlet
 14473 | Gauntlet | Found a transporter.
 14481 | Gauntlet | Found a transporter.
 14485 | Gauntlet | Found a transporter.
 14496 | Gauntlet | Found a transporter.
 14497 | Gauntlet | Found a transporter.
 14508 | Gauntlet | Found a transporter.
 14509 | Gauntlet | Found a transporter.
 14518 | Gauntlet | Found a transporter.
 14522 | Gauntlet | Found a transporter.
 14526 | Gauntlet | Found a runed translucent door.
 14527 | Gauntlet | Found a runed translucent door.
 14530 | Gauntlet | Found a transporter.
 14561 | Gauntlet | Found a transporter.
 14573 | Gauntlet | Found a transporter.
 14586 | Gauntlet | Found a transporter.
 14590 | Gauntlet | Found a runed translucent door.
 14599 | Gauntlet | Found a transporter.
 14840 | Gauntlet | Reached skill level 11 in Shields
 14847 | Gauntlet | Collided with a translucent stone wall

Illustrated notes

Levels and vault maps discovered:
D:1:      saegor_arrival_simple_e, layout_basic
D:2:      kennysheep_big_flooded_room, layout_rooms, serial_shops,
          nicolae_shop_real_fake_doors
D:3:      layout_basic, shapermc_ecumenical_altar_ellora,
          chequers_serial_rivers_small_3, chequers_serial_rivers_large_a
D:4:      layout_loops_ring, lemuel_coloured_pillars_altar,
          minmay_shop_grid_forest, minmay_misc_feat_more_columns, uniq_grinder
D:5:      nicolae_cairo_tiling_large_dashed, layout_loops_ring,
          old_standard_altar, minmay_mini_ossuary
D:6:      layout_loops_ring, mainiacjoe_overflow_six_doors_small,
          gup_sewer_entry_bubbles, uniq_sigmund
D:7:      layout_loops_corners, chequers_temple_overflow_statue_of_worship,
          minmay_temple_entry_waves, gammafunk_ghost_stat_death, hex_tiny,
          st_stairs_6, minmay_increasing_density
D:8:      layout_rooms, general_overflow_altar, serial_shops, shop
D:9:      layout_roguey, ploomutoo_gammafunk_ghost_potion_laboratory,
          uniq_maggie
D:10:     layout_irregular_city, orc_david_3, serial_shops,
          nicolae_shop_hallway_stairs, kennysheep_generic_room_16
D:11:     gammafunk_the_bubble [the_bubble_gammafunk_plus_minus],
          layout_stronghold, grunt_lair_entry_orc_guard_hut, uniq_snorg
D:12:     layout_irregular_city, serial_park_tiny_pond, lemuel_old_faithful
Temple:   nicolae_temple_bog_church
Lair:1:   layout_cave_pods, portal_ice_cave_entry_imps,
          nicolae_volcano_entry_lava_flow, grunt_megastairs_5,
          serial_bayou_shore_b
Lair:2:   layout_cave_shapes, gauntlet_entry_generic, uniq_amaemon
Gauntlet: gammafunk_gauntlet_77_escape_option
          [minmay_gauntlet_arena_77_broken_ladder,
          minmay_gauntlet_arena_77_path, minmay_gauntlet_arena_77_box,
          minmay_gauntlet_arena_77_two_lines,
          minmay_gauntlet_arena_77_shame_cube, gauntlet_exit_watery]

Skill      XL: |  1  2  3  4  5  6  7  8  9 10 11 12 13 |
---------------+----------------------------------------+-----
Fighting       | 1 2 3 4 5 7 8 10 | 10.0
Spellcasting   | 3 4 5 6 7 8 9 |  9.0
Evocations     | 3 |  3.0
Dodging        | 3 5 |  5.7
Invocations    | 5 8 |  8.1
Shields        | 2 6 10 11 | 11.0
Stealth        | |  1.5

Action                     |  1- 3 |  4- 6 |  7- 9 | 10-12 | 13-15 || total
---------------------------+-------+-------+-------+-------+-------++-------
   Fire: Hand crossbow     |       |       |       |    29 |     1 ||    30
  Throw: Dart              |       |     4 |       |       |       ||     4
   Cast: Foxfire           |    49 |    40 |   157 |   172 |       ||   418
         Scorch            |       |     9 |    63 |   100 |     9 ||   181
         Volatile Blastmot |       |     8 |    10 |    30 |       ||    48
         Sting             |       |     2 |       |    19 |     1 ||    22
         Flame Wave        |       |       |     3 |     7 |     5 ||    15
         Ensorcelled Hiber |       |       |     2 |     4 |       ||     6
         Inner Flame       |       |       |       |     1 |       ||     1
         Fireball          |       |       |       |    82 |     8 ||    90
         Vampiric Draining |       |       |       |    21 |       ||    21
 Invoke: Lesser Servant of |       |       |       |     2 |     2 ||     4
         Major Destruction |       |       |       |       |     1 ||     1
  Evoke: Wand              |       |       |       |     7 |     2 ||     9
    Use: Potion            |       |     1 |     1 |     1 |     2 ||     5
         Scroll            |       |       |    11 |     7 |     2 ||    20
 Armour: Robe              |     1 |     2 |    10 |     6 |       ||    19
         Steam dragon scal |       |       |       |     5 |       ||     5
         Troll leather arm |       |       |       |     9 |     3 ||    12
  Dodge: Dodged            |     6 |    14 |    17 |   109 |    10 ||   156
  Block: Other             |       |       |     1 |    52 |     3 ||    56
         Reflection        |       |       |     1 |     5 |       ||     6
